 Dungeon Crawl Stone Soup version 0.22.1-5-g62c59d9 (webtiles) character file.

15695 slartie the Cleaver (level 12, -4/162 HPs)
             Began as a Minotaur Berserker on Jan 9, 2019.
             Was a High Priest of Trog.
             Slain by a 15-headed hydra (7 damage)
             ... on level 2 of the Lair of Beasts.
             The game lasted 00:49:31 (13883 turns).

slartie the Cleaver (Minotaur Berserker)           Turns: 13883, Time: 00:49:32

Health: -4/162     AC: 16    Str: 31    XL:     12   Next: 3%
Magic:  3/3        EV:  7    Int:  4    God:    Trog [*****.]
Gold:   428        SH: 17    Dex: 11    Spells: 11/11 levels left

rFire    . . .     SeeInvis .   T - +3 broad axe (antimagic)
rCold    . . .     Gourm    .   E - +0 large shield
rNeg     . . .     Faith    .   L - +0 plate armour
rPois    .         Spirit   .   (helmet restricted)
rElec    .         Reflect  .   X - +0 cloak
rCorr    .         Harm     .   (no gloves)
MR       .....                  (no boots)
Stlth    ..........             (no amulet)
HPRegen  0.37/turn              (no ring)
MPRegen  0.08/turn              (no ring)

@: berserking, very quick
A: retaliatory headbutt, horns 2
a: Berserk, Trog's Hand, Brothers in Arms, Renounce Religion


You were on level 2 of the Lair of Beasts.
You worshipped Trog.
Trog was extremely pleased with you.
You were near starving.

You visited 2 branches of the dungeon, and saw 15 of its levels.

You collected 708 gold pieces.
You spent 280 gold pieces at shops.

Inventory:

Hand Weapons
 a - a +0 hunting sling
 b - a +3 war axe of freezing
 T - a +3 antimagic broad axe (weapon)
Missiles
 h - 5 curare-tipped needles
 j - 12 javelins (quivered)
 l - 7 tomahawks
 y - 13 needles of frenzy
 G - 10 exploding tomahawks
 Q - 65 sling bullets
 Y - 19 poisoned needles
Armour
 D - a +0 chain mail
 E - a +0 large shield (worn)
 L - a +0 plate armour (worn)
 X - a +0 cloak (worn)
Jewellery
 d - an uncursed ring of positive energy {unknown}
 m - an uncursed ring of magical power {unknown}
 x - a +2 ring of strength {unknown}
 P - an uncursed ring of protection from fire {unknown}
 Z - an uncursed ring of resist corrosion {unknown}
Wands
 e - a wand of flame (21)
 z - a wand of acid (6)
 H - a wand of random effects (45)
 I - a wand of iceblast (7)
 O - a wand of clouds (6)
 U - a wand of digging (17)
Scrolls
 f - 4 scrolls of fog
 i - 5 scrolls of remove curse
 k - 2 scrolls of blinking
 p - 9 scrolls of teleportation
 q - a scroll of vulnerability
 s - a scroll of fear
 v - 4 scrolls of immolation
 F - a scroll of brand weapon {unknown}
 J - 2 scrolls of magic mapping {unknown}
 K - a scroll of acquirement {unknown}
 R - 4 scrolls of identify
 S - a scroll of enchant armour {unknown}
Potions
 o - 2 potions of magic
 r - a potion of brilliance {unknown}
 t - 4 potions of degeneration {unknown}
 u - 3 potions of heal wounds {unknown}
 w - a potion of flight {unknown}
 A - a potion of curing
 B - 2 potions of lignification
 C - 2 potions of berserk rage {unknown}
 M - a potion of mutation {unknown}
 N - a potion of agility {unknown}
 V - a potion of cancellation {unknown}
 W - a potion of ambrosia
Miscellaneous
 g - a lamp of fire (inert)
Comestibles
 c - 25 rations


   Skills:
 + Level 10.7 Fighting
 + Level 14.0 Axes
 + Level 1.8(3.9) Slings
 + Level 4.9(5.0) Throwing
 + Level 11.5 Armour
 + Level 5.2 Dodging
 + Level 1.8 Stealth
 + Level 6.7 Shields
 + Level 0.2 Evocations


You had 11 spell levels left.
You didn't know any spells.
Your spell library was empty.

Dungeon Overview and Level Annotations

Branches:
Dungeon (13/15)            Temple (0/1) D:6            Lair (2/6) D:11
  Snake (0/4) Lair:2          Orc (0/2) D:10
  Swamp: Lair:2-4    Shoals: Lair:2-4    Vaults: D:13-14

Altars:
Elyvilon
Ru

Shops:
D:5 %   D:7 (   D:11 [


Innate Abilities, Weirdness & Mutations

You reflexively headbutt those who attack you in melee.
You have a pair of horns on your head.


Message History

* * * LOW HITPOINT WARNING * * *
The 14-headed hydra bites you.
* * * LOW HITPOINT WARNING * * *
The 14-headed hydra bites you but does no damage.
The 14-headed hydra bites you.
* * * LOW HITPOINT WARNING * * *
The 14-headed hydra bites you!
* * * LOW HITPOINT WARNING * * *
The 14-headed hydra bites you.
* * * LOW HITPOINT WARNING * * *
You block the 14-headed hydra's attack.
The 14-headed hydra completely misses you.
You block the 14-headed hydra's attack.
You are too berserk!
You chop one of the 14-headed hydra's heads off!
The 13-headed hydra grows two more!
You slash the 15-headed hydra! You headbutt the 15-headed hydra.
The 15-headed hydra is severely wounded.
You block the 15-headed hydra's attack. The 15-headed hydra bites you!
You die...

. #.#....#### #..# .
(.... ...........####.#
..... ........P##..###.#
.
......#####.####........
.. ......
##.#####.#..... #.
...>..# #...#.#.....#..
......P####............#
P.....D..............##.
..P..#@##..###...#.####
##. ####### ###.###
....<. #######..##
........ #P.##.....#
#.....P. # ##......>###
.....# #P.#.##
#....##### ##..<##
.....### ###.##
#P.#..###..##...# #.#
......P..#.....# ##.# ##


You could see a 15-headed hydra.

Vanquished Creatures
  A hydra (Lair:2)
  2 two-headed ogres
  2 ugly things
  Maurice (D:10)
  2 black mambas
  A guardian serpent (Lair:2)
  Joseph (D:9)
  A spiny frog (Lair:2)
  4 komodo dragons
  A tengu conjurer (D:11)
  2 trolls
  4 hippogriffs
  5 blink frogs (Lair:1)
  Sigmund (D:3)
  3 hungry ghosts
  A vampire (D:12)
  Grum (Lair:1)
  A basilisk (Lair:2)
  4 wargs (D:10)
  2 water moccasins (Lair:1)
  4 porcupines
  3 orc warriors
  7 ice beasts
  2 black bears
  9 wolves
  3 sky beasts
  2 phantoms
  4 ogres
  2 centaurs (D:6)
  2 big kobolds
  6 bullfrogs
  A scorpion (D:5)
  2 wyvern skeletons
  10 killer bees
  4 howler monkeys
  5 wights (D:10)
  2 electric eels (D:6)
  3 centaur zombies
  3 crimson imps
  2 quasits
  2 bullfrog skeletons
  4 orc priests
  2 centaur skeletons
  2 hounds
  3 jellies
  11 orc wizards
  Terence (D:2)
  An iguana (D:4)
  8 worker ants
  A hound zombie (D:8)
  A hound skeleton (D:6)
  A howler monkey zombie (D:6)
  3 gnolls (D:1)
  15 adders
  2 oozes
  An adder zombie (D:6)
  5 dart slugs
  3 leopard geckos
  31 orcs
  12 bats
  9 giant cockroaches
  5 goblins
  11 hobgoblins
  12 jackals
  13 kobolds
  2 quokkas
  A ball python (D:4)
  9 frilled lizards
  A quokka skeleton (D:4)
  A quokka zombie (D:5)
  8 rats
  2 fungi
299 creatures vanquished.

Vanquished Creatures (others)
  3 fungi
3 creatures vanquished.

Grand Total: 302 creatures vanquished

Notes
Turn   | Place    | Note
-------+----------+-------------------------------------------
     0 | D:1      | slartie the Minotaur Berserker began the quest for the Orb.
     0 | D:1      | Reached XP level 1. HP: 19/19 MP: 0/0
   381 | D:1      | Reached skill level 4 in Axes
   381 | D:1      | Reached XP level 2. HP: 26/27 MP: 1/1
   564 | D:1      | Reached XP level 3. HP: 22/33 MP: 2/2
   689 | D:1      | Reached ** piety under Trog
  1276 | D:1      | HP: 1/34 [gnoll (6)]
  1277 | D:1      | Reached XP level 4. HP: 1/41 MP: 3/3
  1622 | D:2      | Noticed Terence
  1633 | D:2      | Killed Terence
  1633 | D:2      | Reached skill level 5 in Axes
  2143 | D:2      | Reached XP level 5. HP: 46/47 MP: 4/4
  2589 | D:3      | Reached *** piety under Trog
  2829 | D:3      | Noticed Sigmund
  2835 | D:3      | Killed Sigmund
  2835 | D:3      | Reached skill level 5 in Fighting
  2835 | D:3      | Reached skill level 6 in Axes
  2835 | D:3      | Reached skill level 1 in Throwing
  2835 | D:3      | Reached XP level 6. HP: 56/56 MP: 5/5
  3630 | D:4      | Found a white marble altar of Elyvilon.
  3952 | D:4      | Received a gift from Trog
  3952 | D:4      | Reached XP level 7. HP: 41/61 MP: 6/6
  4277 | D:5      | Entered Level 5 of the Dungeon
  4298 | D:5      | Reached skill level 1 in Stealth
  4303 | D:5      | Reached skill level 7 in Axes
  4899 | D:5      | Found Atiomnav's Food Shop.
  4934 | D:5      | Bought a ration for 70 gold pieces
  4934 | D:5      | Bought a ration for 70 gold pieces
  4934 | D:5      | Bought a ration for 70 gold pieces
  4934 | D:5      | Bought a ration for 70 gold pieces
  4944 | D:5      | Found a sacrificial altar of Ru.
  5064 | D:6      | Found a staircase to the Ecumenical Temple.
  5237 | D:6      | Reached XP level 8. HP: 65/70 MP: 7/7
  5257 | D:6      | Reached skill level 5 in Armour
  5279 | D:6      | Reached skill level 8 in Axes
  5452 | D:6      | Reached **** piety under Trog
  5544 | D:6      | Reached skill level 1 in Shields
  5899 | D:6      | Reached skill level 9 in Axes
  6355 | D:7      | Reached XP level 9. HP: 46/78 MP: 8/8
  6364 | D:7      | Received a gift from Trog
  6482 | D:7      | Reached skill level 10 in Axes
  6563 | D:7      | Found Fyr Inu's Weapon Shop.
  7098 | D:7      | Found a sacrificial altar of Ru.
  7350 | D:8      | Noticed a green ugly thing
  7364 | D:8      | Killed a green ugly thing
  7486 | D:8      | Noticed a two-headed ogre
  7504 | D:8      | Killed a two-headed ogre
  7504 | D:8      | Reached skill level 11 in Axes
  7504 | D:8      | Reached skill level 5 in Dodging
  7504 | D:8      | Reached XP level 10. HP: 12/88 MP: 9/9
  7977 | D:8      | Reached ***** piety under Trog
  8496 | D:9      | Received a gift from Trog
  8578 | D:9      | Noticed a two-headed ogre
  8630 | D:9      | Killed a two-headed ogre
  8630 | D:9      | Reached skill level 12 in Axes
  8630 | D:9      | Reached skill level 5 in Shields
  8974 | D:9      | Noticed Joseph
  8995 | D:9      | Killed Joseph
  9259 | D:10     | Entered Level 10 of the Dungeon
  9361 | D:10     | Found a staircase to the Orcish Mines.
  9463 | D:10     | Received a gift from Trog
  9604 | D:10     | Reached XP level 11. HP: 87/97 MP: 10/10
  9819 | D:10     | Noticed Maurice
  9826 | D:10     | Killed Maurice
  9826 | D:10     | Reached skill level 1 in Slings
 10163 | D:11     | Noticed a green ugly thing
 10175 | D:11     | Killed a green ugly thing
 10175 | D:11     | Reached skill level 10 in Armour
 10291 | D:11     | Found Wakizephi's Antique Armour Shoppe.
 10582 | D:11     | Found a staircase to the Lair.
 10814 | D:11     | You fall through a shaft for 2 floors!
 11354 | Lair:1   | Entered Level 1 of the Lair of Beasts
 11445 | Lair:1   | Reached skill level 13 in Axes
 12313 | Lair:1   | Noticed Grum
 12341 | Lair:1   | Killed Grum
 12435 | Lair:1   | Reached skill level 10 in Fighting
 12765 | Lair:2   | Noticed an eight-headed hydra
 12775 | Lair:2   | Killed an 11-headed hydra
 13492 | Lair:2   | Reached skill level 14 in Axes
 13492 | Lair:2   | Reached XP level 12. HP: 70/108 MP: 11/11
 13525 | Lair:2   | Found a staircase to the Snake Pit.
 13538 | Lair:2   | Received a gift from Trog
 13871 | Lair:2   | Noticed an eight-headed hydra
 13882 | Lair:2   | HP: 3/162 [14-headed hydra (6)]
 13883 | Lair:2   | Slain by a 15-headed hydra

Skill      XL: |  1  2  3  4  5  6  7  8  9 10 11 |
---------------+----------------------------------+-----
Axes           | 4 5 6 7 9 11 12 14 | 14.0
Fighting       | 4 5 6 7 9 10 | 10.7
Dodging        | 3 4 5 |  5.2
Throwing       | 1 2 3 4 |  4.9
Armour         | 3 4 6 8 9 11 | 11.5
Stealth        | 1 |  1.8
Shields        | 1 3 5 6 |  6.7
Slings         | 1 |  1.8
Evocations     | |  0.2

Action                   |  1- 3 |  4- 6 |  7- 9 | 10-12 || total
-------------------------+-------+-------+-------+-------++-------
Melee: Hand axe          |    83 |   146 |   400 |    19 ||   648
       Headbutt          |    13 |    25 |    73 |    80 ||   191
       War axe           |       |       |       |   416 ||   416
       Broad axe         |       |       |       |     8 ||     8
 Fire: Hunting sling     |       |       |       |    22 ||    22
Throw: Stone             |       |    68 |    49 |    13 ||   130
       Javelin           |       |       |       |    23 ||    23
Invok: Berserk           |       |     1 |     1 |     1 ||     3
Evoke: Wand              |       |       |       |     2 ||     2
       Lamp of fire      |       |       |       |     1 ||     1
  Use: Scroll            |       |       |     2 |     9 ||    11
       Potion            |       |       |     4 |     2 ||     6
 Stab: Paralysed         |       |       |     1 |       ||     1
  Eat: Chunk             |       |    10 |    11 |    18 ||    39
       Ration            |       |       |     1 |     2 ||     3
Armor: Animal skin       |    15 |     2 |       |       ||    17
       Chain mail        |       |    21 |   147 |    54 ||   222
       Ring mail         |       |    19 |     6 |       ||    25
       Plate armour      |       |       |       |   146 ||   146
Dodge: Dodged            |    56 |    71 |   131 |    96 ||   354
Block: Buckler           |       |       |    36 |       ||    36
       Large shield      |       |       |    44 |   242 ||   286
